 Dungeon Crawl Stone Soup version 0.22-a0-480-g991dd4b (webtiles) character file.

210 KillYourself the Chopper (level 5, 0/47 HPs)
             Began as a Minotaur Fighter on June 16, 2018.
             Slain by a killer bee (6 damage)
             ... on level 4 of the Dungeon.
             The game lasted 00:05:41 (2412 turns).

KillYourself the Chopper (Minotaur Fighter)         Turns: 2412, Time: 00:05:41

Health: 0/47       AC:  7    Str: 21    XL:     5   Next: 57%
Magic:  4/4        EV:  8    Int:  5    God:
Gold:   159        SH:  9    Dex: 10    Spells: 4/4 levels left

rFire    . . .     SeeInvis .   a - +0 war axe
rCold    . . .     Gourm    .   c - +0 shield
rNeg     . . .     Faith    .   b - +0 scale mail
rPois    .         Spirit   .   (helmet restricted)
rElec    .         Reflect  .   (no cloak)
rCorr    .         Harm     .   (no gloves)
MR       .....                  (no boots)
Stlth    ..........             (no amulet)
HPRegen  0.15/turn              (no ring)
MPRegen  0.09/turn              (no ring)

@: lethally poisoned (0 -> -11), slowed, very slow
A: retaliatory headbutt, horns 2
a: no special abilities


You were on level 4 of the Dungeon.
You were not hungry.

You visited 1 branch of the dungeon, and saw 4 of its levels.

You collected 159 gold pieces.

Inventory:

Hand Weapons
 a - a +0 war axe (weapon)
Armour
 b - a +0 scale mail (worn)
 c - a +0 shield (worn)
Jewellery
 m - a +4 ring of dexterity {unknown}
Wands
 r - a wand of polymorph (11)
Scrolls
 e - 2 scrolls of remove curse {unknown}
 g - 2 scrolls of immolation {unknown}
 h - 2 scrolls of identify {unknown}
 l - a scroll of amnesia {unknown}
 q - a scroll of teleportation {unknown}
 t - a scroll of fear {unknown}
Potions
 d - a potion of might
 i - 3 potions of mutation {unknown}
 j - a potion of cancellation {unknown}
 k - 2 potions of heal wounds {unknown}
 n - a potion of degeneration {unknown}
 o - a potion of curing {unknown}
 p - a potion of flight {unknown}
Comestibles
 f - 10 rations


   Skills:
 + Level 4.7 Fighting
 * Level 4.9 Axes
 + Level 4.4 Armour
 + Level 1.2 Dodging
 + Level 0.6 Stealth
 + Level 4.3 Shields


You had 4 spell levels left.
You didn't know any spells.
Your spell library was empty.

Dungeon Overview and Level Annotations

Branches:
Dungeon (4/15)
 Temple: D:4-7

Altars:
Sif Muna


Innate Abilities, Weirdness & Mutations

You reflexively headbutt those who attack you in melee.
You have a pair of horns on your head.


Message History

The killer bee stings you. The killer bee barely misses you.
The killer bee stings you. The killer bee completely misses you.
You block the killer bee's attack.
The orc wizard casts a spell.
The orc wizard blinks!
The orc hits you but does no damage.
The orc hits you with an enchanted flail.
The killer bee stings you. You block the killer bee's attack. x2
The killer bee stings you.
You are poisoned.
The killer bee poisons you! The killer bee barely misses you.
You furiously retaliate!
You headbutt the killer bee! The killer bee barely misses you.
The killer bee stings you!
* * * LOW HITPOINT WARNING * * *
You are lethally poisoned!
The killer bee poisons you! The killer bee barely misses you.
The orc wizard mumbles some strange words.
The orc wizard blinks!
* * * LOW HITPOINT WARNING * * *
You feel sick. You block the killer bee's attack. The killer bee stings you.
You die...

###....# ###...##.#
###...### ..#
####...##### #..#
####..........####.#
#.?.............###.
.................##..
.....o............#
...........@..>...#
.........yyy......#
...........y......#
...?......Soo....)#
#..............[.##
#...............#
##.......!......#
##............##
##...........#


You could see 4 killer bees, an orc wizard, 2 orcs and a ball python.

Vanquished Creatures
  Crazy Yiuf (D:2)
  A worker ant (D:4)
  3 gnolls (D:3)
  5 adders
  2 oozes
  4 worms
  2 leopard geckos
  4 giant cockroaches
  4 goblins
  7 hobgoblins
  14 jackals
  11 kobolds
  4 bats
  A frilled lizard (D:2)
  2 leopard gecko skeletons (D:4)
  2 rats
67 creatures vanquished.

Notes
Turn   | Place    | Note
-------+----------+-------------------------------------------
     0 | D:1      | KillYourself the Minotaur Fighter began the quest for the Orb.
     0 | D:1      | Reached XP level 1. HP: 19/19 MP: 0/0
   122 | D:1      | Reached XP level 2. HP: 23/27 MP: 1/1
   643 | D:2      | Reached XP level 3. HP: 33/33 MP: 2/2
  1047 | D:2      | Found a deep blue altar of Sif Muna.
  1130 | D:2      | Found a runed door.
  1291 | D:2      | Noticed Crazy Yiuf
  1573 | D:2      | Killed Crazy Yiuf
  1573 | D:2      | Reached skill level 1 in Dodging
  1573 | D:2      | Reached XP level 4. HP: 35/40 MP: 3/3
  1821 | D:3      | Reached XP level 5. HP: 33/47 MP: 4/4
  2412 | D:4      | Slain by a killer bee

Vault maps used:
D:1:      dpeg_arrival_stone_temple_mockup
D:2:      first_ration, corner_web_ring, lemuel_blue_sif_altar,
          uniq_crazy_yiuf_cottage
D:4:      lemuel_coloured_pillars_altar, chequers_temple_overflow_minitemple

Skill      XL: |  1  2  3  4 |
---------------+-------------+-----
Fighting       | 4 |  4.7
Shields        | 4 |  4.3
Armour         | 4 |  4.4
Axes           | 3 4 |  4.9
Dodging        | 1 |  1.2
Stealth        | |  0.6

Action                   |  1- 3 |  4- 6 || total
-------------------------+-------+-------++-------
Melee: War axe           |    93 |    66 ||   159
       Headbutt          |     7 |    11 ||    18
  Eat: Ration            |     1 |       ||     1
       Chunk             |       |     2 ||     2
Armor: Scale mail        |    49 |    30 ||    79
Dodge: Dodged            |    36 |    33 ||    69
Block: Shield            |    75 |    48 ||   123

Table legend:
 A = Spawn XP
 B = Non-spawn XP
 C = Spawn XP percentage of total XP
 D = Spawn monster count
 E = Non-spawn monster count
 F = Spawn count percentage of total count
 G = Total turns spent on level
                    A         B        C        D         E        F      G
               +---------+---------+-------+---------+---------+-------+---------
         Total |       0 |     301 |   0.0 |       0 |      67 |   0.0 |  2412
               +---------+---------+-------+---------+---------+-------+---------
           D:1 |       0 |      38 |   0.0 |       0 |      19 |   0.0 |   637
           D:2 |       0 |      78 |   0.0 |       0 |      18 |   0.0 |  1004
           D:3 |       0 |      98 |   0.0 |       0 |      21 |   0.0 |   500
           D:4 |       0 |      87 |   0.0 |       0 |       9 |   0.0 |   271
               +---------+---------+-------+---------+---------+-------+---------
